 Dungeon Crawl Stone Soup version 0.18.1-50-g88ac8fd (webtiles) character file.

18 ololoev the Magician (level 2, -1/15 HPs)
             Began as a Deep Elf Fire Elementalist on Nov 2, 2016.
             Was an Initiate of Vehumet.
             Slain by an ogre
             ... wielding a +0 giant club
              (9 damage)
             ... on level 4 of the Dungeon.
             The game lasted 00:04:36 (362 turns).

ololoev the Magician (Deep Elf Fire Elementalist)    Turns: 362, Time: 00:04:37

Health: -1/15      AC:  2    Str:  5    XL:     2   Next: 48%
Magic:  3/8        EV: 13    Int: 19    God:    Vehumet [......]
Gold:   31         SH:  0    Dex: 15    Spells: 1 memorised, 7 levels left

rFire  . . .     SeeInvis .     f - scroll of magic mapping {unknown}
rCold  . . .     Gourm    .     a - +0 robe
rNeg   . . .     Faith    .     (no shield)
rPois  .         Spirit   .     (no helmet)
rElec  .         Dismiss  .     (no cloak)
rCorr  .         Reflect  .     (no gloves)
SustAt .         Harm     .     (no boots)
MR     .....                    (no amulet)
Stlth  ++........               (no ring)
                                (no ring)

@: very slightly contaminated, not resistant to hostile enchantments, unstealthy
A: no striking features
a: Renounce Religion

Inventory:

Armour
 a - a +0 robe (worn)
Scrolls
 e - a scroll of identify {unknown}
 f - a scroll of magic mapping (in hand) {unknown}
 g - a scroll of enchant armour {unknown}
Books
 b - a book of Flames

   Spells                             Type                      Level
   a - Flame Tongue                   Conjuration/Fire             1
   b - Throw Flame                    Conjuration/Fire             2
   c - Conjure Flame                  Conjuration/Fire             3
   d - Inner Flame                    Hexes/Fire                   3
   e - Sticky Flame                   Conjuration/Fire             4
   f - Fireball                       Conjuration/Fire             5
Comestibles
 c - a bread ration


   Skills:
 - Level 2.4 Dodging
 - Level 2.4 Stealth
 + Level 3.7 Spellcasting
 + Level 2.0 Conjurations
 + Level 3.3 Fire Magic


You had 7 spell levels left.
You knew the following spells:

 Your Spells              Type           Power        Failure   Level  Hunger
a - Flame Tongue          Conj/Fire      ##...        6%          1    None


You were on level 4 of the Dungeon.
You worshipped Vehumet.
Vehumet was noncommittal.
You were not hungry.

You visited 1 branch of the dungeon, and saw 4 of its levels.

You collected 31 gold pieces.

#.##..#.#
#######.......#
...?.....##.####
#######.........
##.##.####
########.##.####
................
.#######O##.####
#@# # #.# #.#
#.# # #†##.#
####....#
#..<.##.# #.####
# #.

Notes
Turn   | Place    | Note
--------------------------------------------------------------
     0 | D:1      | ololoev the Deep Elf Fire Elementalist began the quest for the Orb.
     0 | D:1      | Reached XP level 1. HP: 10/10 MP: 6/6
    35 | D:1      | jacquesderrida: zachem magom
    44 | D:1      | ololoev: vlom tabat'
    58 | D:1      | jacquesderrida: tak naoborot zhe, magom zaebnei...
    72 | D:1      | ololoev: mne net
    72 | D:1      | ololoev: ya ne lublu tabat'
    72 | D:1      | ololoev: tebya vechno b'jut
    72 | D:1      | jacquesderrida: venam stalkir............
    72 | D:1      | jacquesderrida: a vegoomet zachem?
    72 | D:1      | jacquesderrida: Govoryat, sif mooner nais...
    72 | D:1      | ololoev: vogonmet luchshe
    90 | D:2      | Reached XP level 2. HP: 14/15 MP: 1/8
    91 | D:2      | jacquesderrida: eh....
    93 | D:2      | ololoev: ranshe kastovat firestorm
    93 | D:2      | ololoev: menshe turnov
   153 | D:3      | jacquesderrida: vegoomet -- kastovat ranshe...
   161 | D:2      | jacquesderrida: sif mooner - kastovat bolshe...
   175 | D:2      | ololoev: ranshe kruche
   183 | D:2      | jacquesderrida: choose your destiny, laliev
   195 | D:2      | Noticed Ijyb
   203 | D:2      | Found a stormy altar of Qazlal.
   230 | D:2      | jacquesderrida: Provel prostaka...
   235 | D:2      | jacquesderrida: lord of level...
   255 | D:3      | Found a radiant altar of Vehumet.
   256 | D:3      | ololoev: veh!
   256 | D:3      | ololoev: taks taks taks
   256 | D:3      | ololoev: nado podumat
   262 | D:3      | Became a worshipper of Vehumet
   287 | D:4      | ololoev: eee!
   287 | D:4      | ololoev: veh on 300 turn
   346 | D:4      | Noticed an ogre
   362 | D:4      | Slain by an ogre

Dungeon Overview and Level Annotations

Branches:
Dungeon (4/15)
 Temple: D:4-7

Altars:
Qazlal
Vehumet


Message History

You swing at nothing.
You swing at nothing.
You swing at nothing.
You swing at nothing.
You swing at nothing.
You swing at nothing.
You swing at nothing.
You swing at nothing.
You swing at nothing.
You swing at nothing.
You swing at nothing.
You swing at nothing.
You swing at nothing.
You swing at nothing.
You swing at nothing.
You swing at nothing.
You swing at nothing.
You swing at nothing.
You feel a little less clever now.
You swing at nothing.
You swing at nothing.
You swing at nothing.
You swing at nothing.
You swing at nothing.
You swing at nothing.
You swing at nothing.
You swing at nothing.
You swing at nothing.
You swing at nothing.
You swing at nothing.
You swing at nothing.
You swing at nothing.
Found 9 gold pieces.
An ogre comes into view. It is wielding a giant club.
Found a scroll labeled WEFOUMYOD.
You see here 9 gold pieces.
You now have 31 gold pieces (gained 9).
The ogre shouts!
Casting: Flame Tongue
Confirm with . or Enter, or press ? or * to list all spells.
You can't see any susceptible monsters within range! (Use Z to cast anyway.)
You aren't carrying any items that you can evoke.
Unknown command.
Casting: Flame Tongue
Confirm with . or Enter, or press ? or * to list all spells.
Aiming: Flame Tongue
Press: ? - help, Shift-Dir - straight line, f - ogre
Aim: an ogre, wielding a giant club The flame tongue misses the ogre.
Casting: Flame Tongue
Confirm with . or Enter, or press ? or * to list all spells.
Aiming: Flame Tongue
Press: ? - help, Shift-Dir - straight line, f/p - ogre
Aim: an ogre, wielding a giant club The flame tongue hits the ogre.
The ogre is heavily wounded.
Casting: Flame Tongue
Confirm with . or Enter, or press ? or * to list all spells.
Aiming: Flame Tongue
Press: ? - help, Shift-Dir - straight line, f/p - ogre
Aim: an ogre, wielding a giant club (heavily wounded)
The flame tongue misses the ogre.
The ogre completely misses you.
Casting: Flame Tongue
Confirm with . or Enter, or press ? or * to list all spells.
Aiming: Flame Tongue
Press: ? - help, Shift-Dir - straight line, f/p - ogre
Aim: an ogre, wielding a giant club (heavily wounded)
The flame tongue hits the ogre.
The ogre is severely wounded.
The ogre barely misses you.
Casting: Flame Tongue
Confirm with . or Enter, or press ? or * to list all spells.
Aiming: Flame Tongue
Press: ? - help, Shift-Dir - straight line, f/p - ogre
Aim: an ogre, wielding a giant club (severely wounded)
You miscast Flame Tongue.
You are very lightly contaminated with residual magic.
Your skin tingles.
The ogre hits you with a giant club!
Ouch! That really hurt!
You die...

You could see an ogre.

Vanquished Creatures
  A giant gecko (D:4)
  An orc (D:3)
  A giant cockroach (D:4)
  A hobgoblin (D:2)
  3 jackals (D:1)
  2 kobolds (D:2)
  A ball python (D:2)
  4 bats
  2 rats
16 creatures vanquished.

Action                   || total
-------------------------++-------
 Cast: Flame Tongue      ||    25
  Use: Potion            ||     1
Armor: Robe              ||    10
Dodge: Dodged            ||    26

Vault maps used:
D:1:      lightli_arrival_isolated_outpost, minmay_surrounded
D:2:      grunt_qazlal_sundering, first_bread, trog_hazing_becter, uniq_iyjb
D:3:      lemuel_crystal_altar, kennysheep_doodads, minmay_misc_feat_iff,
          uniq_terence
D:4:      evilmike_ruin_ashenzari
